 Dungeon Crawl Stone Soup version 0.23-a0-644-gb60d84b (webtiles) character file.

1074 Borgoz the Cleaver (level 8, -1/70 HPs)
             Began as a Hill Orc Fighter on Jan 1, 2019.
             Was an Initiate of Ashenzari.
             Slain by Duvessa
             ... wielding a +0 short sword of flaming
              (7 damage)
             ... on level 6 of the Dungeon.
             The game lasted 00:09:30 (5450 turns).

Borgoz the Cleaver (Hill Orc Fighter)               Turns: 5450, Time: 00:09:30

Health: -1/70      AC:  6    Str: 18 (19) XL:     8   Next: 29%
Magic:  8/8        EV: 16    Int:  8      God:    Ashenzari [......]
Gold:   309        SH: 10    Dex: 16 (17) Spells: 7/7 levels left

rFire    . . .     SeeInvis .   a - +1 war axe
rCold    . . .     Gourm    .   c - +0 shield
rNeg     . . .     Faith    .   k - +0 ring mail (curse)
rPois    .         Spirit   .   (no helmet)
rElec    .         Reflect  .   (no cloak)
rCorr    .         Harm     .   (no gloves)
MR       .....                  (no boots)
Stlth    +.........             s - amulet of magic regeneration (curse)
HPRegen  0.21/turn              h - ring of attention (curse)
MPRegen  0.36/turn              j - +2 ring of evasion

@: agile
A: no striking features
a: Curse Item, Renounce Religion


You were on level 6 of the Dungeon.
You worshipped Ashenzari.
Ashenzari was noncommittal.
You were hungry.

You visited 2 branches of the dungeon, and saw 7 of its levels.

You collected 309 gold pieces.

Inventory:

Hand Weapons
 a - a +1 war axe (weapon)
Missiles
 q - 4 poisoned tomahawks (quivered)
Armour
 b - a +1 scale mail
 c - a +0 shield (worn)
 k - a cursed +0 ring mail (worn)
Magical Staves
 r - an uncursed staff of poison
Jewellery
 h - a cursed ring of attention (left hand)
 j - a +2 ring of evasion (right hand)
 s - a cursed amulet of magic regeneration (around neck)
Scrolls
 e - 3 scrolls of enchant weapon
 g - 2 scrolls of amnesia
 m - a scroll of remove curse
 n - 5 scrolls of magic mapping
 o - 3 scrolls of identify
 v - a scroll of random uselessness {unknown}
Potions
 p - 2 potions of degeneration
Comestibles
 f - 5 rations


   Skills:
 + Level 5.9 Fighting
 + Level 8.9 Axes
 + Level 5.2 Armour
 + Level 1.5 Dodging
 + Level 5.1 Shields


You had 7 spell levels left.
You didn't know any spells.
Your spell library was empty.

Dungeon Overview and Level Annotations

Branches:
Dungeon (6/15)             Temple (1/1) D:4

Altars:
Ashenzari
Cheibriados
Dithmenos
Fedhas
Gozag
Makhleb
Nemelex Xobeh
Okawaru
Qazlal
Ru
Trog
Vehumet
Wu Jian
Yredelemnul
The Shining One

Annotations:
D:2 1 runed door
D:4 Menkaure
D:6 Duvessa


Message History

Duvessa burns you. You block Duvessa's attack.
You closely miss Duvessa.
Duvessa is severely wounded.
Duvessa hits you with a +0 short sword of flaming.
Duvessa burns you.
Duvessa hits you with a +0 short sword of flaming!
Duvessa burns you.
* * * LOW HITPOINT WARNING * * *
You feel better.
Duvessa hits you with a +0 short sword of flaming!
* * * LOW HITPOINT WARNING * * *
Duvessa burns you!
* * * LOW HITPOINT WARNING * * *
You hit Duvessa.
Duvessa is severely wounded.
Duvessa barely misses you. Duvessa hits you but does no damage.
As you read the scroll of fear, it crumbles to dust.
You assume a fearsome visage.
Duvessa hits you with a +0 short sword of flaming!
You die...

.............รท .....
#...###..#..#.####
..... #...# #..#..#.#
..........###.....#.#
.............#...#.###
#...#...............#
#.............>.#.#.#
###...)e###########.#.#
......)@.# ###.#
###......# #.#
#......#### #.#
...........)# #.#
....#.......### #.#
....#.......#.#######.#
............'.......#.#
.##.#.#.....#.#######.#
.#.#.....#.# #.#


You could see Duvessa (berserk).

Vanquished Creatures
  An ice beast (D:2)
  A necrophage (D:5)
  An ogre (D:4)
  A centaur (D:2)
  A bullfrog (D:6)
  Dowan (D:6)
  A crimson imp (D:6)
  A hound (D:4)
  2 bullfrog skeletons
  2 orc wizards (D:5)
  2 orc priests
  Jessica (D:3)
  An iguana (D:5)
  A worker ant (D:6)
  A worker ant zombie (D:5)
  Robin (D:2)
  A howler monkey skeleton (D:4)
  7 adders
  A shadow imp (D:5)
  2 oozes
  An adder skeleton (D:5)
  2 worms (D:2)
  4 dart slugs
  4 leopard geckos
  14 orcs
  4 giant cockroaches
  15 goblins
  9 hobgoblins
  4 jackals (D:1)
  8 kobolds
  3 quokkas
  2 ball pythons
  7 bats
  5 frilled lizards
  A quokka skeleton (D:5)
  11 rats
124 creatures vanquished.

Vanquished Creatures (others)
  Sigmund (D:2)
1 creature vanquished.

Grand Total: 125 creatures vanquished

Notes
Turn   | Place    | Note
-------+----------+-------------------------------------------
     0 | D:1      | Borgoz the Hill Orc Fighter began the quest for the Orb.
     0 | D:1      | Reached XP level 1. HP: 19/19 MP: 1/1
   120 | D:1      | Reached skill level 3 in Axes
   120 | D:1      | Reached XP level 2. HP: 26/27 MP: 2/2
   291 | D:1      | Reached XP level 3. HP: 27/33 MP: 3/3
   955 | D:2      | Noticed an ice beast
   971 | D:2      | Killed an ice beast
   971 | D:2      | Reached skill level 5 in Axes
   971 | D:2      | Reached XP level 4. HP: 14/41 MP: 4/4
   971 | D:2      | Reached XP level 5. HP: 17/47 MP: 5/5
  1269 | D:2      | Found a sparkling altar of Nemelex Xobeh.
  1330 | D:2      | Noticed Sigmund
  1334 | D:2      | Noticed a centaur
  1351 | D:2      | Killed Sigmund
  1351 | D:2      | Reached XP level 6. HP: 19/53 MP: 6/6
  1354 | D:2      | Reached skill level 6 in Axes
  1354 | D:2      | Reached skill level 1 in Dodging
  1813 | D:2      | Noticed Robin
  1825 | D:2      | Killed Robin
  1889 | D:2      | Found a runed door.
  1988 | D:3      | Reached skill level 5 in Fighting
  2335 | D:3      | Noticed Jessica
  2338 | D:3      | Reached XP level 7. HP: 61/61 MP: 7/7
  2352 | D:3      | Killed Jessica
  2352 | D:3      | Reached skill level 7 in Axes
  2514 | D:4      | Noticed Menkaure
  3273 | D:5      | Entered Level 5 of the Dungeon
  3491 | D:4      | Found a staircase to the Ecumenical Temple.
  3500 | Temple   | Entered the Ecumenical Temple
  3710 | Temple   | Became a worshipper of Ashenzari the Shackled
  3750 | D:4      | HP: 3/61 [Menkaure (7)]
  4110 | D:5      | Reached skill level 8 in Axes
  4692 | D:5      | Reached XP level 8. HP: 53/66 MP: 8/8
  4695 | D:5      | Reached skill level 5 in Armour
  5147 | D:6      | Reached skill level 5 in Shields
  5425 | D:6      | Noticed Duvessa
  5427 | D:6      | Noticed Dowan
  5439 | D:6      | Killed Dowan
  5450 | D:6      | Slain by Duvessa

Vault maps used:
D:1:      eino_arrival_cavern_b, skrybe_limestone_x,
          chequers_serial_rivers_marsh, kennysheep_nondescript,
          minmay_liquid_box, chequers_decorated_corner, minmay_pentomino_p4
D:2:      nemelex_xobeh_ov_fountains_minmay, grunt_ministairs_2, uniq_robin,
          uniq_crazy_yiuf_cottage, uniq_sigmund
D:3:      minmay_misc_feat_nine_boxes, chequers_big_river, uniq_jessica
D:4:      minmay_temple_entry_hall, uniq_menkaure
D:5:      first_ration
D:6:      uniq_duvessa, uniq_edmund
Temple:   eino_temple_water

Skill      XL: |  1  2  3  4  5  6  7  8 |
---------------+-------------------------+-----
Axes           | 3 5 6 8 |  8.9
Fighting       | 4 5 |  5.9
Armour         | 4 5 |  5.2
Shields        | 4 5 |  5.1
Dodging        | 1 |  1.5

Action                   |  1- 3 |  4- 6 |  7- 9 || total
-------------------------+-------+-------+-------++-------
Melee: War axe           |    84 |    99 |   206 ||   389
  Use: Potion            |     1 |     3 |     6 ||    10
       Scroll            |       |    10 |     2 ||    12
  Eat: Chunk             |       |     4 |     7 ||    11
       Ration            |       |       |     1 ||     1
Armor: Scale mail        |    43 |    27 |       ||    70
       Ring mail         |       |     9 |    36 ||    45
Dodge: Dodged            |    30 |    35 |    84 ||   149
Block: Shield            |    38 |    47 |    91 ||   176

Table legend:
 A = Non-vault XP
 B = Vault XP
 C = Vault XP percentage of total XP
 D = Non-vault monster count
 E = Vault monster count
 F = Vault count percentage of total count
                 A         B        C        D         E       F
            +---------+---------+-------+---------+---------+-------
      Total |    1296 |     239 |  15.6 |     110 |      15 |  12.0
            +---------+---------+-------+---------+---------+-------
        D:1 |      41 |       5 |  10.9 |      22 |       2 |   8.3
        D:2 |     333 |     134 |  28.7 |      30 |      11 |  26.8
        D:3 |     129 |      37 |  22.3 |      30 |       1 |   3.2
        D:4 |     236 |       0 |   0.0 |       9 |       0 |   0.0
        D:5 |     325 |       0 |   0.0 |      12 |       0 |   0.0
        D:6 |     232 |      63 |  21.4 |       7 |       1 |  12.5
            +---------+---------+-------+---------+---------+-------
